 Dungeon Crawl Stone Soup version 0.30.1-3-gfc49f6343a (webtiles) character file.

Game seed: 16503655096504493633

209774 KyoPewz the Devastator (level 19, -2/124 HPs)
             Began as a Human Conjurer on Aug 7, 2023.
             Was a High Priest of Hepliaklqana.
             Killed from afar by an eleionoma (22 damage)
             ... with a spray of wooden splinters
             ... on level 2 of the Swamp.
             The game lasted 04:37:59 (49308 turns).

KyoPewz the Devastator (Human Conjurer)            Turns: 49308, Time: 04:38:00

Health: -2/124     AC: 14    Str: 10    XL:     19   Next: 55%
Magic:  0/53       EV: 13    Int: 23    God:    Hepliaklqana [*****.]
Gold:   2551       SH:  0    Dex:  8    Spells: 7/42 levels left

rFire   + + .        a - +9 hand axe of the Winnowing Genius {flame, rF+ rC+}
rCold   + . .        w - orb {light}
rNeg    . . .        k - +3 leather armour {rPois}
rPois   +            x - +2 helmet
rElec   +            M - +1 cloak
rCorr   +            j - +1 pair of gloves "Vikkups" {MP+9}
SInv    .            p - +0 pair of boots
Will    ++...        X - amulet of Wuha {Spirit Rampage rElec Regen+ Dex-5}
Stlth   +            o - ring of willpower
HPRegen 1.20/turn    E - ring of Cydyes {rF+ rCorr MP+9}
MPRegen 0.33/turn

%: guardian spirit, rampage
@: glowing, studying Ranged Weapons
A: reduced essence
}: 1/15 runes: gossamer
a: Renounce Religion, Recall Ancestor, Ancestor Identity, Transference, Idealise


You were on level 2 of the Swamp.
You worshipped Hepliaklqana.
Hepliaklqana was extremely pleased with you.
You visited 5 branches of the dungeon, and saw 28 of its levels.
You also visited: Sewer, Bailey, Gauntlet and Volcano.

You collected 3980 gold pieces.
You spent 1429 gold pieces at shops.

Inventory:

Hand Weapons
 a - the +9 hand axe of the Winnowing Genius (weapon) {flame, rF+ rC+}
   (You found it on level 6 of the Dungeon)

   rF:        It protects you from fire.
   rC:        It protects you from cold.
 u - the +3 war axe "Cefiysops" {flame, *Corrode rC+ Int+2}
   (You bought it in a shop on level 2 of the Orcish Mines)

   Int:       It affects your intelligence (+2).
   rC:        It protects you from cold.
   *Corrode:  It may corrode you when you take damage.
Missiles
 c - 60 poisoned darts
 H - 4 throwing nets
 I - 9 curare-tipped darts
Armour
 j - the +1 pair of gloves "Vikkups" (worn) {MP+9}
   (You acquired it on level 14 of the Dungeon)

   MP:        It affects your magic capacity (+9).
 k - a +3 leather armour of poison resistance (worn)
 p - a +0 pair of boots (worn)
 w - an orb of light (worn)
 x - a +2 helmet (worn)
 M - a +1 cloak (worn)
Magical Staves
 b - the staff of conjuration "Ixtaetil" {Will+ Str+2 Int+3}
   (You found it on level 3 of the Spider Nest)

   [staff of conjuration]

   Base accuracy: +5 Base damage: 5 Base attack delay: 1.2 This weapon's minimum
   attack delay (0.6) is reached at skill level 12.
   Str:       It affects your strength (+2).
   Int:       It affects your intelligence (+3).
   Will:      It increases your willpower.
   It falls into the 'Staves' category.
   It is a one-handed weapon.
Jewellery
 o - a ring of willpower (left hand)
 E - the ring of Cydyes (right hand) {rF+ rCorr MP+9}
   (You found it in a Gauntlet)

   [ring of magical power]

   rF:        It protects you from fire.
   MP:        It affects your magic capacity (+9).
   rCorr:     It protects you from acid and corrosion.
 N - a ring of positive energy
 X - the amulet of Wuha (around neck) {Spirit Rampage rElec Regen+ Dex-5}
   (You bought it in a shop on level 13 of the Dungeon)

   [amulet of guardian spirit]

   It causes incoming damage to be divided between your reserves of health and
   magic.
   Dex:       It affects your dexterity (-5).
   rElec:     It insulates you from electricity.
   Regen:     It increases your rate of health regeneration.
   Rampage:   It bestows one free step when moving towards enemies.
 Y - an amulet of the acrobat
Wands
 r - a wand of polymorph (15)
 v - a wand of paralysis (19)
 D - a wand of digging (12)
 J - a wand of quicksilver (2)
 Q - a wand of iceblast (2)
 U - a wand of mindburst (26)
Scrolls
 g - 4 scrolls of fear
 t - 6 scrolls of teleportation
 y - 8 scrolls of magic mapping
 z - 7 scrolls of fog
 B - 5 scrolls of blinking
 G - 2 scrolls of torment
 K - 5 scrolls of butterflies
 R - 7 scrolls of amnesia
 S - 5 scrolls of enchant armour
 V - 3 scrolls of immolation
Potions
 d - 5 potions of might
 e - 5 potions of brilliance
 h - 9 potions of haste
 i - 5 potions of lignification
 l - 11 potions of heal wounds
 m - 3 potions of ambrosia
 n - 6 potions of resistance
 q - 7 potions of curing
 C - 10 potions of magic
 L - 3 potions of invisibility
 W - 2 potions of mutation
 Z - 5 potions of attraction
Miscellaneous
 f - a phantom mirror
 s - a condenser vane
 O - a phial of floods
 T - a lightning rod (4/4)


   Skills:
 - Level 9.0 Fighting
 - Level 14.0 Axes
 - Level 7.0 Dodging
 - Level 2.0 Stealth
 - Level 12.0 Spellcasting
 + Level 16.7 Conjurations
 - Level 4.0 Hexes
 + Level 11.3 Summonings
 - Level 5.0 Translocations
 - Level 12.0 Fire Magic
 - Level 5.0 Ice Magic
 - Level 9.0 Invocations
 - Level 4.3 Evocations


You had 7 spell levels left.
You knew the following spells:

 Your Spells              Type           Power      Damage    Failure   Level
a - Magic Dart            Conj           100%       1d8       0%          1
b - Blink                 Tloc           72%        N/A       1%          2
c - Starburst             Conj/Fire      34%        6d10      2%          6
d - Searing Ray           Conj           100%       2d8       0%          2
e - Frozen Ramparts       Ice            72%        1d11      2%          3
f - Fulminant Prism       Conj/Hex       28%        3d14      1%          4
g - Summon Guardian Gole  Hex/Summ       49%        N/A       1%          3
x - Iskenderun's Mystic   Conj/Tloc      59%        2d12      1%          4
L - Hailstorm             Conj/Ice       59%        3d13      1%          3
M - Orb of Destruction    Conj           37%        9d11      5%          7

Your spell library contained the following spells:

 Spells                   Type           Power      Damage    Failure   Level
 Apportation              Tloc           72%        N/A       1%          1
 Foxfire                  Conj/Fire      100%       2x1d9     1%          1
 Freeze                   Ice            100%       1d10      1%          1
 Shock                    Conj/Air       100%       1d9       1%          1
 Slow                     Hex            100%       N/A       1%          1
 Ensorcelled Hibernation  Hex/Ice        68%        N/A       1%          2
 Lesser Beckoning         Tloc           72%        N/A       1%          2
 Momentum Strike          Conj/Tloc      100%       3d10      1%          2
 Static Discharge         Conj/Air       100%       2-7/arc   1%          2
 Dazzling Flash           Conj/Hex       100%       N/A       1%          3
 Stone Arrow              Conj/Erth      100%       3d13      1%          3
 Volatile Blastmotes      Fire/Tloc      100%       2d18      1%          3
 Sticky Flame             Conj/Fire      68%        2d8       1%          4
 Gell's Gravitas          Tloc           36%        N/A       2%          3
 Teleport Other           Tloc           36%        N/A       2%          3
 Confusing Touch          Hex            32%        N/A       3%          3
 Ignite Poison            Fire/Tmut/Pois 32%        N/A       3%          3
 Arcjolt                  Conj/Air       25%        1d35      5%          5
 Sandblast                Erth           26%        2d8       6%          1
 Summon Lightning Spire   Summ/Air       39%        N/A       6%          4
 Summon Forest            Summ/Tloc      25%        N/A       6%          5
 Vhi's Electric Charge    Tloc/Air       50%        N/A       7%          3
 Passage of Golubria      Tloc           36%        N/A       8%          4
 Summon Mana Viper        Hex/Summ       49%        N/A       8%          5
 Passwall                 Tmut/Erth      10%        N/A       10%         2
 Summon Cactus Giant      Summ           30%        N/A       10%         6
 Cause Fear               Hex            16%        N/A       12%         4
 Spellforged Servitor     Conj/Summ      34%        N/A       17%         7
 Spider Form              Tmut/Pois      13%        N/A       19%         3
 Swiftness                Air            13%        N/A       19%         3
 Vampiric Draining        Necr           13%        2d6       19%         3
 Ice Form                 Ice/Tmut       25%        N/A       22%         4
 Anguish                  Hex/Necr       11%        N/A       26%         4
 Airstrike                Air            6%         2d(1-17)  52%         4
 Alistair's Intoxication  Tmut/Pois      8%         N/A       86%         5
 Malign Gateway           Summ/Tloc      25%        N/A       88%         7
 Simulacrum               Ice/Necr       12%        N/A       98%         6
 Enfeeble                 Hex            16%        N/A       100%        7
 Ozocubu's Refrigeration  Ice            18%        4d11      100%        7
 Ignition                 Fire           31%        3d10      96%         8
 Summon Horrible Things   Summ           30%        N/A       99%         8
 Maxwell's Capacitive Co  Air            6%         ∞         100%        8
 Polar Vortex             Ice            18%        N/A       100%        9


Dungeon Overview and Level Annotations

Branches:
Dungeon (15/15)            Temple (0/1) D:5            Lair (5/5) D:10
  Swamp (2/4) Lair:3       Spider (4/4) Lair:2        Slime (0/5) Lair:4
    Orc (2/2) D:10            Elf (0/3) Orc:2        Vaults (0/5) D:13
 Depths (0/4) D:15          Sewer (visited)          Bailey (visited)
Volcano (visited)         Gauntlet (visited)

Altars:
Ashenzari
Cheibriados
Dithmenos
Elyvilon
Hepliaklqana
Makhleb
Nemelex Xobeh
Okawaru
Qazlal
Uskayaw
Xom
Yredelemnul
Zin
The Shining One
Jiyva

Shops:
D:13 =   Orc:1 (   Orc:2 :[*(


Message History

You take 9 damage, and have 67/124 hp.
You now have 13/53 mp.
You hit the eleionoma. You burn the eleionoma.
The eleionoma is heavily wounded.
The foxfire hits Simon!
Simon resists.
Simon blocks the will-o-the-wisp's attack.
You hit the eleionoma. You burn the eleionoma.
The eleionoma is heavily wounded.
Simon hits the will-o-the-wisp with a +0 broad axe of flaming!!
Simon burns the will-o-the-wisp.
The eleionoma closely misses you.
Simon blocks the will-o-the-wisp's attack.
Press: ? - help, v - describe, . - travel
Here: an eleionoma (heavily wounded, haloed)
The floor, spattered with blood.
You barely miss the eleionoma.
The eleionoma is heavily wounded.
The eleionoma misses you.
Simon hits the will-o-the-wisp with a +0 broad axe of flaming!!
Simon burns the will-o-the-wisp.
Your unstable footing causes you to fumble your attack.
The will-o-the-wisp engulfs Simon but does no damage.
You hit the eleionoma. You burn the eleionoma.
The eleionoma is severely wounded.
Simon hits the will-o-the-wisp with a +0 broad axe of flaming!
The will-o-the-wisp is destroyed!
The eleionoma hits you!
You take 12 damage, and have 58/124 hp.
You now have 12/53 mp.
The eleionoma hurls a spray of splinters at you.
The spray of wooden splinters hits you!!!
* * * LOW HITPOINT WARNING * * *
You take 40 damage, and have 18/124 hp.
MASSIVE DAMAGE!!
You now have 4/53 mp.
Press: ? - help, v - describe, . - travel
Here: an eleionoma (thin mist, heavily wounded, ally target, haloed) Some shallow water.
Simon hits the eleionoma with a +0 broad axe of flaming!
Simon burns the eleionoma.
The eleionoma hurls a spray of splinters at you.
The spray of wooden splinters hits Simon but does no damage.
The spray of wooden splinters hits you!!
You die...

~~~~~~~~~.♣♣~.♣.♣.♣[♣..♣♣♣♣......
~~~§~.~.♣♣♣ ♣§♣♣...♣♣♣♣~♣♣.....♣.
§~~~§.~~§♣♣♣♣♣..♣♣.♣~♣♣~♣.~~~...~
~~§~.♣♣.♣.♣♣.~.♣♣♣♣÷♣♣~♣.~~§~~~~~
~†.♣♣♣♣.♣R♣.♣♣(♣♣.[♣.~♣♣~♣♣~~~~~~
~.~♣ .♣.♣.♣.♣♣.♣♣..♣♣♣♣.~~~~...~
.♣♣♣ ♣♣..♣.♣♣♣♣....♣.♣♣ ♣♣.~.~.~~
.~♣ ♣♣♣♣♣. ♣.♣.♣♣♣♣.♣♣~.....~~~
~♣♣ ♣§..♣.@♣♣ ♣~..♣♣..♣♣§§§ ♣♣
♣.~♣♣♣♣♣.♣♣.♣.♣♣..~♣♣♣.. ♣ ...♣♣.
♣♣RR♣♣.♣.~~.♣ ♣. ~. ♣
♣.)♣♣♣♣♣.~~§.♣ ♣~ ♣~.♣ ♣♣♣♣~§.♣
♣♣ ..♣~ ♣).R..~♣♣♣♣~ ~~. ~~.
♣..♣♣.§♣~..♣ ~~ ..~~.
♣♣♣R♣.~§.... ~ .. ... ♣♣~~~§~~~.


You could see the friendly Simon the knight (fast, reflecting) and an eleionoma
(ally target).

Vanquished Creatures
  Jorgrun (Swamp:2)
  Frances (Spider:1)
  An emperor scorpion (Spider:4)
  3 ghost moths (Spider:4)
  Nessos (D:13)
  2 broodmothers
  A spark wasp (Spider:4)
  A bunyip (Lair:3)
  A shambling mangrove (Swamp:2)
  2 entropy weavers
  Josephine (D:13)
  A great orb of eyes (D:15)
  9 hydras
  A spriggan air mage (Swamp:1)
  A merfolk avatar (Lair:5)
  An ogre mage (D:15)
  2 alligators
  A radroach (Spider:1)
  6 two-headed ogres
  A jorogumo (Spider:2)
  A tengu warrior (D:15)
  4 centaur warriors
  4 death yaks (D:10)
  An orc high priest (Orc:2)
  A deep elf knight (D:15)
  Sonja (D:12)
  3 skysharks
  7 spriggans
  A sun moth (Spider:3)
  A sixfirhy (Gauntlet)
  3 spriggan druids
  6 pharaoh ants
  A goliath frog (Swamp:1)
  4 orb spiders
  2 bog bodies
  A phantasmal warrior (D:14)
  2 wolf spider zombies (Spider:2)
  3 steelbarb worms
  A harpy (Lair:5)
  Pikel (D:5)
  A deep elf pyromancer (D:15)
  2 orc knights
  17 wolf spiders
  2 salamanders (Volcano)
  3 orc sorcerers
  2 moths of wrath
  9 ugly things
  A will-o-the-wisp (Lair:3)
  A cyclops (D:7)
  3 manticores
  3 black mambas
  4 demonic crawlers
  3 torpor snails
  2 gargoyles (D:11)
  2 kobold demonologists
  10 cane toads
  A molten gargoyle (D:13)
  A rime drake (Lair:3)
  A centaur skeleton (D:13)
  A tengu conjurer (D:15)
  8 komodo dragons
  2 polar bears (Lair:3)
  A troll (Orc:2)
  3 tyrant leeches
  6 hornets
  A wolf spider simulacrum (Spider:2)
  3 meliai (Spider:4)
  20 tarantellas
  A snapping turtle (Lair:5)
  20 blink frogs
  7 dream sheep (Lair:4)
  5 wraiths
  6 slime creatures
  17 jumping spiders
  A shadow (D:11)
  A culicivora (shapeshifter) (D:15)
  6 culicivoras
  A water elemental (D:15)
  Eustachio (D:6)
  41 yaks
  3 basilisks
  10 fire bats (Volcano)
  A fire elemental (D:13)
  3 wyverns
  A steam dragon (Lair:5)
  23 redbacks
  2 vampire mosquitoes (D:13)
  2 wargs
  4 swamp worms
  6 water moccasins
  A sky beast (D:7)
  30 orc warriors
  8 wolves
  9 centaurs
  A boggart (D:13)
  11 ogres
  2 phantoms
  2 kobold brigands
  10 bullfrogs
  A wight (D:9)
  4 crimson imps
  2 hounds (D:5)
  7 orc priests
  2 jellies (Lair:4)
  Crazy Yiuf (D:6)
  A boggart zombie (Gauntlet)
  An iguana (D:5)
  15 orc wizards
  A boggart simulacrum (D:15)
  10 adders
  16 gnolls
  6 river rats
  A shadow imp (D:7)
  2 white imps (Gauntlet)
  4 ufetubi
  A worm (D:2)
  A dart slug (D:4)
  76 orcs
  5 bats
  7 endoplasms
  8 giant cockroaches
  10 hobgoblins
  33 kobolds
  6 quokkas
  14 ball pythons
  6 frilled lizards
  20 goblins
  25 rats
721 creatures vanquished.

Vanquished Creatures (collateral kills)
  Arachne (Spider:3)
  Gastronok (Lair:3)
  A ghost moth (Spider:4)
  2 orc warlords
  A minotaur (Gauntlet)
  An entropy weaver (Spider:4)
  A fire dragon (Volcano)
  A rakshasa (D:15)
  4 hydras
  A catoblepas (D:14)
  2 boulder beetles
  A death knight (D:14)
  2 radroaches
  An alligator (Swamp:2)
  2 centaur warriors
  2 two-headed ogres
  A tengu warrior (D:14)
  An orc high priest (Orc:2)
  2 death yaks (D:10)
  A skyshark (Lair:5)
  A sun moth (Spider:4)
  2 pharaoh ants
  A goliath frog (Swamp:2)
  2 skeletal warriors
  4 orb spiders
  A death drake (Gauntlet)
  2 steelbarb worms
  A bog body (Swamp:1)
  A deep elf pyromancer (D:14)
  3 wizards
  3 wolf spider zombies (Spider:2)
  5 spectral wolf spiders (Spider:2)
  5 orc knights
  2 orc sorcerers (Orc:1)
  11 wolf spiders
  A moth of wrath (Spider:3)
  2 will-o-the-wisps (Swamp:2)
  5 ugly things
  4 cyclopes
  4 manticores
  A salamander (Volcano)
  An elephant (Lair:5)
  3 black mambas
  3 gargoyles
  2 torpor snails
  3 demonic crawlers
  3 centaur skeletons (D:13)
  2 cane toads
  2 unseen horrors
  3 komodo dragons
  A kobold demonologist (D:10)
  4 polar bears
  A wind drake (Lair:5)
  2 wolf spider simulacra (Spider:2)
  A bloated husk (Swamp:2)
  3 trolls
  The ghost of tykejmi the Insei, an amateur DgTm (D:5)
  4 meliai (Spider:4)
  13 tarantellas
  3 hornets
  3 blink frogs
  A snapping turtle (Lair:5)
  3 dream sheep (Lair:4)
  A spectral meliai (Gauntlet)
  12 jumping spiders
  6 culicivoras
  A shadow (D:12)
  A vampire (D:12)
  7 slime creatures
  A wraith (D:13)
  7 wyverns
  2 fire bats (Volcano)
  19 yaks
  25 redbacks
  5 vampire mosquitoes
  A steam dragon (D:8)
  4 swamp worms
  An acid dragon (D:14)
  A warg (Orc:2)
  3 water moccasins
  Duvessa (D:5)
  A spectral hornet (Gauntlet)
  2 swamp drakes
  8 ogres
  15 orc warriors
  5 wolves
  A phantom (D:7)
  4 centaurs
  3 kobold brigands
  2 gnoll sergeants
  Blork the orc (D:5)
  6 bullfrogs
  A scorpion (D:5)
  2 wights (D:9)
  Dowan (D:5)
  A crimson imp (D:15)
  A lava snake (D:13)
  6 orc priests
  A hound (D:6)
  A jelly (D:5)
  13 orc wizards
  2 adders
  6 gnolls
  A white imp (Gauntlet)
  An ufetubus (Gauntlet)
  31 orcs
  An endoplasm (D:3)
  A goblin (Bailey)
  6 hobgoblins
  A quokka (D:2)
  3 ball pythons
  4 kobolds
  8 rats
  3 fire vortices (D:13)
393 creatures vanquished.

Vanquished Creatures (others)
  Agnes (Spider:1)
  A ghost moth (Spider:4)
  A broodmother (Spider:4)
  An eleionoma (Swamp:2)
  2 radroaches
  A goliath frog (Swamp:2)
  A guardian serpent (shapeshifter) (D:15)
  A troll (Orc:2)
  4 bloated husks
  A hornet (Swamp:2)
  A tarantella (Spider:1)
  A culicivora (Spider:4)
  A jumping spider (Spider:3)
  A shadow (D:7)
  2 redbacks
  A vampire mosquito (D:13)
  43 knights
  An ancestor (D:1)
  8 foxfires (Swamp:2)
  111 fulminant prisms
184 creatures vanquished.

Grand Total: 1298 creatures vanquished

Notes
Turn   | Place    | Note
-------+----------+-------------------------------------------
     0 | D:1      | KyoPewz the Human Conjurer began the quest for the Orb.
     0 | D:1      | Reached XP level 1. HP: 13/13 MP: 3/3
     7 | D:1      | Found a faded altar of an unknown god.
    19 | D:1      | Prayed at the altar of an unknown god.
    19 | D:1      | Became a worshipper of Hepliaklqana the Forgotten
    19 | D:1      | Reached * piety under Hepliaklqana
   229 | D:1      | Reached XP level 2. HP: 17/17 MP: 0/5
   347 | D:1      | Got the Grimoire of Ice
   670 | D:1      | Reached XP level 3. HP: 21/21 MP: 3/6
   673 | D:1      | Learned a level 2 spell: Searing Ray
   677 | D:1      | Learned a level 3 spell: Hailstorm
  1428 | D:2      | Reached skill level 5 in Conjurations
  1647 | D:2      | Reached skill level 1 in Ice Magic
  1647 | D:2      | Reached XP level 4. HP: 27/27 MP: 0/7
  2381 | D:3      | Found a burning altar of Makhleb.
  2424 | D:3      | Reached ** piety under Hepliaklqana
  2425 | D:3      | Remembered your ancestor Simon as a knight
  2606 | D:3      | Reached XP level 5. HP: 31/31 MP: 5/8
  3276 | D:3      | Found a shadowy altar of Dithmenos.
  3419 | D:3      | Saving game... please wait.
  3589 | D:4      | Noticed a phantom
  3633 | D:4      | Killed a phantom
  3634 | D:4      | Reached XP level 6. HP: 33/36 MP: 0/11
  3904 | D:4      | Found Zin's Purification Station.
  3907 | D:4      | Found a glowing silver altar of Zin.
  3910 | D:4      | Bought a potion of curing for 90 gold pieces
  4308 | D:4      | Noticed an ogre
  4314 | D:4      | Killed an ogre
  4315 | D:4      | Reached skill level 6 in Conjurations
  4315 | D:4      | Reached XP level 7. HP: 41/41 MP: 7/12
  4749 | D:5      | Entered Level 5 of the Dungeon
  4881 | D:5      | Noticed Duvessa
  4881 | D:5      | Noticed Dowan
  4898 | D:5      | Killed Dowan
  4900 | D:5      | Killed Duvessa
  5106 | D:5      | Learned a level 2 spell: Blink
  5111 | D:5      | Learned a level 4 spell: Iskenderun's Mystic Blast
  5248 | D:5      | Reached *** piety under Hepliaklqana
  5254 | D:5      | Reached skill level 7 in Conjurations
  5305 | D:5      | Reached skill level 1 in Translocations
  5305 | D:5      | Reached XP level 8. HP: 46/46 MP: 11/14
  5427 | D:5      | Noticed Pikel
  5442 | D:5      | Killed Pikel
  5443 | D:5      | Reached skill level 8 in Conjurations
  5588 | D:5      | Found a large runed translucent door.
  5588 | D:5      | Found a large runed translucent door.
  5589 | D:5      | Found a staircase to the Ecumenical Temple.
  5589 | D:5      | Noticed tykejmi's ghost (amateur DgTm)
  5768 | D:5      | Reached skill level 1 in Fighting
  5768 | D:5      | Reached XP level 9. HP: 47/53 MP: 4/15
  6007 | D:5      | Noticed Blork the orc
  6015 | D:5      | Killed Blork the orc
  6322 | D:5      | Killed tykejmi's ghost
  6504 | D:6      | Noticed Eustachio
  6653 | D:6      | Identified the +9 hand axe of the Winnowing Genius {flame,
                  | rF+ rC+}
  6817 | D:6      | Killed Eustachio
  6818 | D:6      | Reached skill level 5 in Translocations
  6818 | D:6      | Reached skill level 5 in Ice Magic
  6850 | D:6      | Reached skill level 1 in Axes
  6943 | D:6      | Found a glowing drain.
  6952 | Sewer    | Entered a sewer
  8161 | D:6      | Found a runed translucent door.
  8162 | D:6      | Noticed Crazy Yiuf
  8522 | D:6      | Killed Crazy Yiuf
  8793 | D:7      | Noticed a cyclops
  8954 | D:8      | Reached **** piety under Hepliaklqana
  9146 | D:7      | Reached XP level 10. HP: 48/63 MP: 6/16
  9166 | D:7      | Reached skill level 9 in Conjurations
  9622 | D:7      | Killed a cyclops
  9623 | D:7      | Reached skill level 5 in Dodging
  9804 | D:7      | Reached skill level 5 in Fighting
 10573 | D:8      | Identified the +0 plate armour "Keomp" {rElec}
 11111 | D:9      | Reached skill level 5 in Axes
 11144 | D:9      | Noticed a two-headed ogre
 11224 | D:9      | Killed a two-headed ogre
 11264 | D:9      | Found a hide-covered altar of Uskayaw.
 11265 | D:9      | Found a basalt altar of Yredelemnul.
 11267 | D:9      | Found a snail-covered altar of Cheibriados.
 11267 | D:9      | Found a white marble altar of Elyvilon.
 11268 | D:9      | Found a sparkling altar of Nemelex Xobeh.
 11268 | D:9      | Found a broken altar of Ashenzari.
 11268 | D:9      | Found a stormy altar of Qazlal.
 11277 | D:9      | Reached XP level 11. HP: 60/72 MP: 10/17
 11282 | D:9      | Found a flagged portal.
 11337 | Bailey   | Entered a bailey
 11954 | Bailey   | Noticed an orc warlord
 11956 | Bailey   | Noticed an orc knight
 12090 | Bailey   | Killed an orc knight
 12500 | Bailey   | Killed an orc warlord
 12712 | Bailey   | Got Uhell's Elucidation of Topological Blows
 12728 | Bailey   | Identified the +1 leather armour of Anarchy {*Slow rElec
                  | Int-2 Stlth+}
 13116 | D:9      | Found a glowing golden altar of the Shining One.
 13520 | D:10     | Entered Level 10 of the Dungeon
 13861 | D:10     | Noticed a death yak
 13942 | D:10     | Learned a level 3 spell: Volatile Blastmotes
 14029 | D:10     | Reached skill level 1 in Fire Magic
 14038 | D:10     | Reached skill level 5 in Invocations
 14437 | D:10     | Noticed a death yak
 14507 | D:10     | Found a staircase to the Lair.
 14657 | D:10     | Noticed a death yak
 14658 | D:10     | Noticed a death yak
 14711 | D:10     | Reached XP level 12. HP: 81/81 MP: 5/18
 14711 | D:10     | Noticed a death yak
 14759 | D:10     | Killed a death yak
 14946 | D:10     | Killed a death yak
 15347 | D:10     | Found a staircase to the Orcish Mines.
 15490 | D:10     | Killed a death yak
 15574 | D:10     | Killed a death yak
 15850 | D:10     | Noticed a death yak
 15908 | D:10     | Killed a death yak
 15909 | D:10     | Reached skill level 10 in Axes
 16099 | D:10     | Killed a death yak
 16208 | D:11     | Noticed a two-headed ogre
 16214 | D:11     | Killed a two-headed ogre
 16219 | D:11     | Learned a level 3 spell: Frozen Ramparts
 16802 | D:11     | Reached XP level 13. HP: 59/86 MP: 5/20
 16900 | D:11     | Found an iron altar of Okawaru.
 16921 | D:11     | Reached skill level 5 in Spellcasting
 17512 | D:10     | Reached XP level 14. HP: 92/92 MP: 22/22
 17515 | Lair:1   | Entered Level 1 of the Lair of Beasts
 17727 | Lair:1   | Learned a level 4 spell: Fulminant Prism
 18771 | Lair:2   | Reached skill level 1 in Summonings
 18778 | Lair:2   | Reached skill level 1 in Hexes
 18865 | Lair:2   | Found a dark tunnel.
 18873 | Volcano  | Entered a volcano
 19332 | Volcano  | Reached skill level 5 in Fire Magic
 20415 | Lair:2   | Reached ***** piety under Hepliaklqana
 20431 | Lair:2   | Found a hole to the Spider Nest.
 20444 | Lair:2   | Reached XP level 15. HP: 53/97 MP: 13/25
 21244 | Lair:3   | Reached skill level 10 in Conjurations
 21795 | Lair:3   | Noticed Gastronok
 21806 | Lair:3   | Killed Gastronok
 21814 | Lair:3   | Reached skill level 5 in Summonings
 22442 | Lair:3   | Found a staircase to the Swamp.
 22663 | Lair:4   | Learned a level 3 spell: Summon Guardian Golem
 22899 | Lair:4   | Found a viscous altar of Jiyva.
 22900 | Lair:4   | Found a staircase to the Slime Pits.
 23377 | Lair:4   | Reached skill level 11 in Conjurations
 23590 | Lair:5   | Entered Level 5 of the Lair of Beasts
 24465 | Lair:5   | Reached skill level 12 in Conjurations
 25631 | Lair:5   | Identified a scroll of acquirement
 25632 | Lair:5   | Acquired 728 gold pieces
 25712 | Lair:5   | Identified the +4 trident of the Key {venom, rElec}
 25950 | Orc:1    | Entered Level 1 of the Orcish Mines
 26022 | Orc:1    | Found Reg Xifisch's Weapon Boutique.
 26505 | Orc:2    | Entered Level 2 of the Orcish Mines
 26512 | Orc:2    | Noticed an orc warlord
 26681 | D:12     | Noticed Sonja
 26698 | D:12     | Killed Sonja
 26781 | D:12     | Reached skill level 13 in Conjurations
 26795 | D:12     | Reached XP level 16. HP: 103/103 MP: 10/26
 27393 | D:12     | Reached skill level 1 in Evocations
 28050 | D:13     | Found a gate leading to a gauntlet.
 28062 | Gauntlet | Entered a Gauntlet
 28062 | Gauntlet | Found a transporter.
 28062 | Gauntlet | Found a transporter.
 28062 | Gauntlet | Found a runed translucent door.
 28062 | Gauntlet | Found a runed translucent door.
 28080 | Gauntlet | Found a transporter.
 28084 | Gauntlet | Found a transporter.
 28093 | Gauntlet | Found a transporter.
 28096 | Gauntlet | Found a transporter.
 28104 | Gauntlet | Found a transporter.
 28121 | Gauntlet | Found a transporter.
 28136 | Gauntlet | Found a transporter.
 28140 | Gauntlet | Found a transporter.
 28148 | Gauntlet | Found a transporter.
 28152 | Gauntlet | Found a transporter.
 28212 | Gauntlet | Identified the ring of Cydyes {rF+ rCorr MP+9}
 28761 | D:13     | Noticed Josephine
 28767 | D:13     | Killed Josephine
 29246 | D:13     | Noticed Nessos
 29260 | D:13     | Killed Nessos
 29949 | D:13     | Found Jauvan's Jewellery Shop.
 30372 | D:13     | Found a gate to the Vaults.
 31397 | D:14     | Reached ****** piety under Hepliaklqana
 31797 | D:14     | Acquired the +1 pair of gloves "Vikkups" {MP+9}
 32134 | D:15     | Entered Level 15 of the Dungeon
 32147 | D:14     | Reached skill level 14 in Conjurations
 32873 | D:15     | Found a shimmering altar of Xom.
 33197 | D:15     | Reached XP level 17. HP: 100/112 MP: 29/29
 33378 | D:15     | Found a white marble altar of Elyvilon.
 33689 | D:15     | Found a staircase to the Depths.
 34000 | D:15     | Found a shimmering altar of Xom.
 34059 | D:15     | Found a white marble altar of Elyvilon.
 34425 | D:13     | Bought the amulet of Wuha {Spirit Rampage rElec Regen+
                  | Dex-5} for 569 gold pieces
 34495 | Spider:1 | Entered Level 1 of the Spider Nest
 34543 | Spider:1 | Noticed Agnes
 34552 | Spider:1 | Killed Agnes
 34647 | Spider:1 | Noticed Frances
 34655 | Spider:1 | Killed Frances
 34713 | Spider:1 | Learned a level 7 spell: Orb of Destruction
 36042 | Spider:1 | Identified the +0 ring mail of the Cockroach {Harm rN+
                  | Will-}
 36252 | Spider:1 | Reached skill level 15 in Conjurations
 37832 | Spider:2 | NlggerDarts13: you should be using Arcjolt
 37832 | Spider:2 | NlggerDarts13: it's very overpowered
 37832 | Spider:2 | NlggerDarts13: and pure Conjurations isn't good enough
 37832 | Spider:2 | NlggerDarts13: usually you go with Fire or Air too
 38273 | D:13     | Bought a ring of positive energy for 340 gold pieces
 38273 | D:13     | KyoPewz: jfc that name
 38273 | D:13     | KyoPewz: get the fuck out of here
 38273 | D:13     | KyoPewz: kys
 38273 | D:13     | NlggerDarts13: not based
 38273 | D:13     | NlggerDarts13: still watchin'
 38281 | D:13     | Learned a level 6 spell: Starburst
 39037 | Spider:2 | Reached skill level 10 in Spellcasting
 39202 | Spider:2 | Reached XP level 18. HP: 115/118 MP: 32/32
 39462 | Spider:3 | Reached skill level 10 in Summonings
 39674 | Spider:3 | Reached skill level 16 in Conjurations
 39798 | Spider:3 | Identified the staff of conjuration "Ixtaetil" {Will+ Str+2
                  | Int+3}
 40230 | Spider:3 | Noticed Arachne
 40250 | Spider:3 | Killed Arachne
 41166 | Spider:4 | Entered Level 4 of the Spider Nest
 41833 | Spider:4 | Reached skill level 10 in Fire Magic
 44510 | Spider:4 | Identified the +1 pair of gloves of the Northern Lights
                  | {Str+2}
 44514 | Spider:4 | Got a gossamer rune of Zot
 45817 | Orc:2    | Found Ciut's Antique Weapon Shoppe.
 45825 | Orc:2    | Bought a smoking war axe for 280 gold pieces
 45825 | Orc:2    | Identified the +3 war axe "Cefiysops" {flame, *Corrode rC+
                  | Int+2} (You bought it in a shop on level 2 of the Orcish
                  | Mines)
 45856 | Orc:2    | Reached XP level 19. HP: 116/124 MP: 34/34
 46378 | Orc:2    | Found a staircase to the Elven Halls.
 46412 | Orc:2    | Found Wuycutt's General Store.
 46636 | Orc:2    | Found Biemneru's Antique Armour Shoppe.
 46644 | Orc:2    | Bought a runed leather armour for 150 gold pieces
 46667 | Orc:2    | Found Caankifaema's Book Shoppe.
 47228 | Swamp:1  | Entered Level 1 of the Swamp
 48502 | Swamp:2  | Paralysed by a hornet for 2 turns
 49277 | Swamp:2  | Noticed Jorgrun
 49294 | Swamp:2  | Killed Jorgrun
 49308 | Swamp:2  | Killed from afar by an eleionoma

Illustrated notes

Levels and vault maps discovered:
D:1:      dpeg_arrival_ratfight, layout_basic, chequers_ecumenical_altar_island
D:2:      layout_rooms, wander_ebering_terrifying_dragon_lair
D:3:      minmay_bubble_buster, layout_rooms,
          mainiacjoe_overflow_surrounded_room, lemuel_tele_altar
D:4:      layout_basic, zin_purify
D:5:      layout_cave_pods, minmay_temple_entry_glassed_door,
          ebering_ghost_disaster_area, serial_park_tiny_1, uniq_pikel,
          uniq_blork_the_orc, uniq_duvessa
D:6:      layout_basic, portal_sewer_entry_e, uniq_crazy_yiuf_cottage,
          uniq_eustachio
D:7:      layout_loops_cross, serial_aquarium, aquarium_bridge_square
          [aquarium_subvault_wall, aquarium_subvault_bridge,
          aquarium_subvault_balcony, aquarium_subvault_bridge],
          aquarium_window_corridor_3, aquarium_window_2, aquarium_view_2b,
          aquarium_view_2d, minmay_manual_monstrance
D:8:      layout_basic
D:9:      layout_loops_ring, grunt_temple_overflow_open,
          nicolae_tso_carved_into_rock, enter_bailey_2
D:10:     layout_gridville, dpeg_lair_monsters, erik_orc_1
D:11:     layout_rooms, okawaru_trees_2
D:12:     layout_rooms, uniq_sonja
D:13:     layout_basic, hangedman_vaults_entry_quadrant_bands, serial_shops,
          nicolae_shop_statue_plus, gauntlet_entry_generic, uniq_nessos,
          uniq_josephine
D:14:     layout_loops_ring, lightli_wizard_tower
D:15:     gammafunk_enter_depths_forms, layout_rooms,
          nicolae_elyvilon_temple_path, small_statue_intersection, led_xom_imps
Lair:1:   layout_chaotic_city, cheibrodos_lair_lostbears,
          infiniplex_staircase_pool
Lair:2:   layout_misc_corridors, spider_nest_entry_rubble, enter_volcano_2,
          serial_bayou_shore_b
Lair:3:   layout_cave_pods, palyth_hydra_swamp_entry, lemuel_fruit_tree,
          grunt_megastairs_5, uniq_gastronok
Lair:4:   layout_cave_shapes, minmay_slime_entry_pillars, grunt_megastairs_1,
          serial_bayou_shore_b
Lair:5:   gammafunk_lair_ancient_temple, layout_cellular_growth, st_stairs_10
Swamp:1:  layout_falls_marsh, nicolae_swamp_decorative_isthmus
Swamp:2:  layout_basic_swamp, nicolae_swamp_very_dense_foliage, uniq_jorgrun
Spider:1: layout_spider_delve, uniq_frances, uniq_agnes
Spider:2: layout_spider_delve, nicolae_spider_undead_wolf_pack
Spider:3: layout_spider_delve, uniq_arachne
Spider:4: grunt_spider_rune_parallel
Orc:1:    layout_diamond_mine, serial_shops, nicolae_shop_trees
Orc:2:    grunt_orc_gardens, layout_diamond_mine, grunt_orc_garden,
          grunt_orc_garden, grunt_orc_garden, grunt_orc_garden, basic_altar

Skill      XL: |  1  2  3  4  5  6  7  8  9 10 11 12 13 14 15 16 17 18 19 |
---------------+----------------------------------------------------------+-----
Conjurations   | 5 6 7 8 9 13 14 15 16 | 16.7
Ice Magic      | 1 2 3 4 5 |  5.0
Spellcasting   | 3 4 5 7 8 10 11 12 | 12.0
Translocations | 1 4 5 |  5.0
Fighting       | 1 3 6 7 9 |  9.0
Dodging        | 4 6 7 |  7.0
Axes           | 2 5 8 11 13 14 | 14.0
Invocations    | 5 7 8 9 |  9.0
Fire Magic     | 3 4 5 8 12 | 12.0
Summonings     | 3 6 7 9 10 11 | 11.3
Hexes          | 3 4 |  4.0
Evocations     | 4 |  4.3
Stealth        | |  2.0

Action                     |  1- 3 |  4- 6 |  7- 9 | 10-12 | 13-15 | 16-18 | 19-21 || total
---------------------------+-------+-------+-------+-------+-------+-------+-------++-------
  Melee: Unarmed           |    12 |       |       |       |       |       |       ||    12
         Punch             |     1 |       |       |     2 |     5 |     5 |       ||    13
         Dagger            |       |     3 |    49 |    13 |       |       |       ||    65
         Hand axe          |       |       |       |    94 |   370 |   353 |    75 ||   892
         Staff             |       |       |       |       |       |    24 |     1 ||    25
  Throw: Stone             |     5 |       |       |       |       |       |       ||     5
         Dart              |       |       |       |    84 |    17 |    26 |       ||   127
         Throwing net      |       |       |       |     2 |       |       |       ||     2
         Boomerang         |       |       |       |     1 |       |       |       ||     1
         Javelin           |       |       |       |       |     1 |       |       ||     1
   Cast: Magic Dart        |    79 |   120 |   223 |   320 |   262 |   413 |   117 ||  1534
         Searing Ray       |       |       |    17 |    51 |    54 |   204 |    29 ||   355
         Blink             |       |       |     1 |    13 |       |    10 |     2 ||    26
         Iskenderun's Myst |       |       |     1 |    11 |    15 |    21 |       ||    48
         Hailstorm         |       |       |       |    18 |    64 |    31 |       ||   113
         Fulminant Prism   |       |       |       |       |     7 |    99 |     7 ||   113
         Frozen Ramparts   |       |       |       |       |     7 |     8 |       ||    15
         Volatile Blastmot |       |       |       |       |     1 |       |       ||     1
         Summon Guardian G |       |       |       |       |       |    33 |     1 ||    34
         Starburst         |       |       |       |       |       |    25 |    19 ||    44
         Orb of Destructio |       |       |       |       |       |     1 |       ||     1
 Invoke: Ancestor Identity |     1 |       |       |       |       |       |       ||     1
         Ancestor Life: Kn |       |     1 |       |       |       |       |       ||     1
         Recall Ancestor   |       |       |     2 |     2 |     4 |    13 |       ||    21
         Transference      |       |       |       |     5 |     1 |     2 |     1 ||     9
         Idealise          |       |       |       |     2 |     1 |    10 |       ||    13
  Evoke: Wand              |       |       |       |     8 |       |    18 |     2 ||    28
    Use: Scroll            |       |       |    10 |    10 |     4 |    16 |     1 ||    41
         Potion            |       |       |       |     4 |     1 |    11 |       ||    16
   Stab: Distracted        |       |       |       |       |     1 |     2 |       ||     3
         Sleeping          |       |       |       |       |     1 |     2 |       ||     3
         Invisible         |       |       |       |       |       |     3 |       ||     3
 Armour: Robe              |     7 |     3 |       |       |       |       |       ||    10
         Leather armour    |       |       |    35 |    28 |    85 |   257 |    80 ||   485
         Troll leather arm |       |       |       |     7 |     5 |       |       ||    12
  Dodge: Dodged            |    19 |     3 |    71 |    86 |   177 |   459 |    79 ||   894
  Block: Other             |       |       |       |    18 |    71 |    21 |       ||   110
         Reflection        |       |       |       |     4 |     2 |     9 |       ||    15
